 Dungeon Sprint DCSS version 0.20-a0-1122-gb7cbeb9 (webtiles) character file.

1200000 Kidiri the Spry (level 14, -10/161 HPs)
             Began as a Troll Warper on May 12, 2017.
             Was a Follower of Makhleb.
             Mangled by a bag of meat
             ... wielding a +9 war axe
              (27 damage)
             ... in the Dungeon (Sprint VIII: "Arena of Blood").
             The game lasted 00:00:38 (12 turns).

Kidiri the Spry (Troll Warper)                        Turns: 12, Time: 00:00:39

Health: -10/161    AC:  6    Str: 22    XL:     14   Next: 80%
Magic:  1/29       EV: 20    Int:  9    God:    Makhleb [*.....]
Gold:   0          SH:  0    Dex: 13    Spells: 37/37 levels left

rFire    . . .     SeeInvis .   l - +∞ Axe of Woe
rCold    . . .     Gourm    +   (shield currently unavailable)
rNeg     . . .     Faith    .   b - +0 robe
rPois    .         Spirit   .   (helmet restricted)
rElec    .         Reflect  .   (no cloak)
rCorr    .         Harm     .   (gloves unavailable)
MR       +....     NoTele   +   (boots unavailable)
Stlth    +.........             (no amulet)
Regen    0.8/turn               (no ring)
MPRegen  0.3/turn               (no ring)

@: no status effects
A: unfitting armour, claws 3, fast metabolism 3, gourmand, regeneration 1,
shaggy fur 1, tough skin 2
a: Renounce Religion


You were in the Dungeon.
You worshipped Makhleb.
Makhleb was aware of your devotion.
You were not hungry.

You visited 1 branch

Inventory:

Hand Weapons
 a - a +0 hand axe
 l - the +∞ Axe of Woe (weapon)
   (You found it in the Dungeon)
Missiles
 e - 5 tomahawks of dispersal (quivered)
Armour
 b - a +0 robe (worn)
Scrolls
 d - 2 scrolls of blinking
Potions
 g - a potion of curing
 h - a potion of heal wounds
 i - a potion of haste
 j - 2 potions of magic
 k - a potion of berserk rage
Books
 c - a book of Spatial Translocations

   Spells                             Type                      Level
   a - Blink                          Translocation                2
   b - Shroud of Golubria             Charms/Translocation         2
   c - Lesser Beckoning               Translocation                3
   d - Gell's Gravitas                Translocation                3
   e - Teleport Other                 Translocation                3
   f - Passage of Golubria            Translocation                4
Comestibles
 f - 2 bread rations


   Skills:
 * Level 15.7 Fighting
 * Level 16.0 Axes
 - Level 4.8 Throwing
 * Level 12.3 Armour
 * Level 17.9 Dodging
 + Level 12.0 Spellcasting
   Level 2.1 Translocations
 + Level 9.7 Invocations


You had 37 spell levels left.
You didn't know any spells.

Dungeon Overview and Level Annotations

Branches:
Dungeon (1/1)

Altars:
Makhleb


Innate Abilities, Weirdness & Mutations

You are too large for most types of armour.
You have claws for hands.
Your metabolism is lightning-fast.
You like to eat raw meat.
Your natural rate of healing is unusually fast.
You are covered in fur. (AC +1)
You have very tough skin. (AC +2)


Message History

You are too injured to fight recklessly!
The bag of meat shouts! x3
You hit the meat berserker but do no damage.
You fatally mangle the meat berserker.
You kill the meat berserker!
Makhleb accepts your kill.
Your Fighting skill gained 2 levels and is now at level 15!
Your Axes skill gained 2 levels and is now at level 16!
Your Armour skill gained 3 levels and is now at level 12!
Your Dodging skill increases to level 17!
Your Spellcasting skill increases to level 12!
Your Invocations skill gained 2 levels and is now at level 9!
You have reached level 14!
You hear a shout! x9
The bag of meat appears out of thin air!
A bag of meat comes into view. It is wielding a +9 war axe.
The bag of meat hits you with a +9 war axe!!!
* * * LOW HITPOINT WARNING * * *
The bag of meat hits you with a +9 war axe!!
You die...

............o..
..........#.#o.
....o......oo..
#..o......o.o..
.#..o.o..oo....
.o.....oo......
....oo)).......
#.@O....#
#oo.....#
...###.......###.
........###......
#....O..._.......
......#.....#....
......#_.<._# . .
......#.....#
#........_.....


You could see 2 meat berserkers and 19 bags of meat.

Vanquished Creatures
  2 ogres (D)
  An orc (D)
3 creatures vanquished.

Notes
Turn   | Place    | Note
-------+----------+-------------------------------------------
     0 | D        | Kidiri the Troll Warper began the quest for the Orb.
     0 | D        | Reached XP level 1. HP: 19/19 MP: 1/1
     3 | D        | Noticed a bag of meat
     4 | D        | Became a worshipper of Makhleb the Destroyer
     6 | D        | Noticed a bag of meat
     6 | D        | Noticed a bag of meat
     8 | D        | Noticed a meat berserker
     9 | D        | Noticed a meat berserker
     9 | D        | Noticed a bag of meat
     9 | D        | Noticed a bag of meat
     9 | D        | Noticed a bag of meat
    10 | D        | Noticed a bag of meat
    10 | D        | Noticed a bag of meat
    10 | D        | Noticed a bag of meat
    10 | D        | Noticed a bag of meat
    10 | D        | Noticed a bag of meat
    10 | D        | Killed a bag of meat
    10 | D        | Reached skill level 14 in Dodging
    10 | D        | Reached skill level 10 in Spellcasting
    10 | D        | Reached XP level 2. HP: 48/48 MP: 1/12
    10 | D        | Reached XP level 3. HP: 55/55 MP: 1/13
    10 | D        | Reached XP level 4. HP: 65/65 MP: 1/15
    10 | D        | Reached XP level 5. HP: 71/71 MP: 1/16
    10 | D        | Reached XP level 6. HP: 80/80 MP: 1/18
    10 | D        | Reached XP level 7. HP: 88/88 MP: 1/19
    10 | D        | Reached XP level 8. HP: 97/97 MP: 1/21
    10 | D        | Reached XP level 9. HP: 105/105 MP: 1/22
    10 | D        | Reached XP level 10. HP: 113/113 MP: 1/23
    10 | D        | Reached XP level 11. HP: 120/120 MP: 1/24
    11 | D        | Noticed a bag of meat
    11 | D        | Noticed a bag of meat
    11 | D        | Noticed a bag of meat
    11 | D        | Noticed a bag of meat
    11 | D        | Noticed a bag of meat
    11 | D        | Noticed a meat berserker
    11 | D        | Killed a meat berserker
    11 | D        | Reached * piety under Makhleb
    11 | D        | Reached skill level 16 in Dodging
    11 | D        | Reached XP level 12. HP: 91/137 MP: 1/26
    11 | D        | Reached XP level 13. HP: 97/145 MP: 1/27
    12 | D        | Noticed a bag of meat
    12 | D        | Noticed a bag of meat
    12 | D        | Noticed a bag of meat
    12 | D        | Noticed a meat berserker
    12 | D        | Killed a meat berserker
    12 | D        | Reached skill level 15 in Fighting
    12 | D        | Reached skill level 17 in Dodging
    12 | D        | Reached XP level 14. HP: 52/161 MP: 1/29
    12 | D        | Mangled by a bag of meat

Vault maps used:
D:        meatsprint

Skill      XL: |  1  2  3  4  5  6  7  8  9 10 11 12 13 |
---------------+----------------------------------------+-----
Fighting       | 11 13 15 | 15.7
Axes           | 11 14 16 | 16.0
Throwing       | 4 |  4.8
Dodging        | 14 16 17 | 17.9
Spellcasting   | 10 11 12 | 12.0
Armour         | 9 12 | 12.3
Invocations    | 7 9 |  9.7
Translocations | |  2.1

Action                   |  1- 3 |  4- 6 |  7- 9 | 10-12 | 13-15 || total
-------------------------+-------+-------+-------+-------+-------++-------
Melee: Executioner's axe |     1 |       |       |     1 |     1 ||     3
